3L
ROCKY MOUNTAIN NUGGETS @ THUNDER BAY NORTHERN LIONS BC
08/07/2025
 
TOP OF THE 1ST
Rocky Mountain Nuggets batting - Pitching for Thunder Bay Northern Lions BC : RHP Júlio Palma
Pitching: RHP Júlio Palma
Batting: RHB Mark Melton 0-0: Called Strike
0-1: Ground out 5-3 (Groundball, 56)
Batting: LHB Randy Bowen 0-0: Ball
1-0: Ball
2-0: SINGLE (Line Drive, 56D)
Batting: LHB Javier Sánchez 0-0: Called Strike
0-1: Ball
1-1: Fly out, F8 (Flyball, 8RD)
Batting: RHB Andrés Rodríguez 0-0: Ball
1-0: Ball
2-0: DOUBLE (Line Drive, 7D)
Randy Bowen to third
Batting: LHB Juan Ríos 0-0: Foul Ball, location: 2F
0-1: Ball
1-1: Ball
2-1: SINGLE (Line Drive, 4MD)
Randy Bowen scores
Andrés Rodríguez to third
Runner from 3rd tries for Home, SAFE, no throw
Batting: RHB Javier Martínez 0-0: Fly out, F8 (Flyball, 8RS)
Top of the 1st over - 2 run(s), 3 hit(s), 0 error(s), 1 left on base; Rocky Mountain 2 - Thunder Bay 0
BOTTOM OF THE 1ST
Thunder Bay Northern Lions BC batting - Pitching for Rocky Mountain Nuggets : RHP Reynaldo Ortíz
Pitching: RHP Reynaldo Ortíz
Batting: LHB David Smith 0-0: Ball
1-0: Ball
2-0: Fly out, F8 (Flyball, 8RM)
Batting: LHB John Brewer 0-0: Ball
1-0: Ball
2-0: Ball
3-0: Base on Balls
Batting: SHB Carlos Rodríguez 0-0: Foul Ball, location: 2F
0-1: Ball
1-1: Foul Ball, location: 2F
1-2: Foul Ball, location: 2F
1-2: Ball
2-2: Foul Ball, location: 2F
2-2: Foul Ball, location: 2F
2-2: Ball
3-2: Strikes out swinging
Batting: LHB Chris Gregory 0-0: Foul Ball, location: 2F
0-1: Ball
1-1: Ball
2-1: Foul Ball, location: 2F
2-2: Fielders Choice at 2nd, 6-4 (Groundball, 6)
Bottom of the 1st over - 0 run(s), 0 hit(s), 0 error(s), 0 left on base; Rocky Mountain 2 - Thunder Bay 0
TOP OF THE 2ND
Rocky Mountain Nuggets batting - Pitching for Thunder Bay Northern Lions BC : RHP Júlio Palma
Batting: LHB José Martínez 0-0: Ball
1-0: Ball
2-0: Ball
3-0: Base on Balls
Batting: RHB Paul Smith 0-0: Called Strike
0-1: Ball
1-1: Ball
2-1: Foul Ball, location: 2F
2-2: SINGLE (Groundball, 6MS) (infield hit)
José Martínez to second
Batting: RHB Gary Chalmers 0-0: Ball
1-0: Ball
2-0: Called Strike
2-1: Foul Ball, location: 2F
2-2: Strikes out swinging
Batting: RHB Mark Melton 0-0: Ball
1-0: Ball
2-0: Called Strike
2-1: DOUBLE (Groundball, 5L)
José Martínez scores
Paul Smith to third
Batting: LHB Randy Bowen 0-0: Foul Ball, location: 2F
0-1: Called Strike
0-2: Foul Ball, location: 2F
0-2: Fly out, F6 (Popup, 6MD)
Batting: LHB Javier Sánchez 0-0: Called Strike
0-1: Ball
1-1: Ball
2-1: Ball
3-1: Fly out, F5 (Popup, 5L)
Top of the 2nd over - 1 run(s), 2 hit(s), 0 error(s), 2 left on base; Rocky Mountain 3 - Thunder Bay 0
BOTTOM OF THE 2ND
Thunder Bay Northern Lions BC batting - Pitching for Rocky Mountain Nuggets : RHP Reynaldo Ortíz
Batting: RHB Robert O'Connor 0-0: Swinging Strike
0-1: Ball
1-1: SINGLE (Groundball, 6D)
Batting: LHB Curtis Peters 0-0: Ball
1-0: Fly out, F7 (Line Drive, 7)
Batting: RHB Carlos Padilla 0-0: SINGLE (Groundball, 4MD)
Robert O'Connor to second
Batting: LHB Manny Valentín 0-0: Ball
1-0: Foul Ball, location: 2F
1-1: Fielders Choice at 2nd, 4-6 (Groundball, 34)
Robert O'Connor to third
Batting: RHB Nathan Clay 0-0: Swinging Strike
0-1: Foul Ball, location: 2F
0-2: Strikes out swinging
Bottom of the 2nd over - 0 run(s), 2 hit(s), 0 error(s), 2 left on base; Rocky Mountain 3 - Thunder Bay 0
TOP OF THE 3RD
Rocky Mountain Nuggets batting - Pitching for Thunder Bay Northern Lions BC : RHP Júlio Palma
Batting: RHB Andrés Rodríguez 0-0: Ground out 6-3 (Groundball, 6M)
Batting: LHB Juan Ríos 0-0: Ball
1-0: Ball
2-0: Fly out, F7 (Line Drive, 7)
Batting: RHB Javier Martínez 0-0: Called Strike
0-1: Fly out, F4 (Line Drive, 4M)
Top of the 3rd over - 0 run(s), 0 hit(s), 0 error(s), 0 left on base; Rocky Mountain 3 - Thunder Bay 0
BOTTOM OF THE 3RD
Thunder Bay Northern Lions BC batting - Pitching for Rocky Mountain Nuggets : RHP Reynaldo Ortíz
Batting: LHB David Smith 0-0: SINGLE (Line Drive, 9LS)
Batting: LHB John Brewer 0-0: Called Strike
0-1: Ground out U3 (Groundball, 34)
David Smith to second
Batting: SHB Carlos Rodríguez 0-0: Ball
1-0: Called Strike
1-1: Foul Ball, location: 2F
1-2: Ground out 4-3 (Groundball, 4)
David Smith to third
Batting: LHB Chris Gregory 0-0: Ball
1-0: Ball
2-0: Ball
3-0: Called Strike
3-1: Base on Balls
Batting: RHB Robert O'Connor 0-0: Called Strike
0-1: Ball
1-1: Ball
2-1: Ball
3-1: Foul Ball, location: 2F
3-2: Base on Balls
Chris Gregory to second
Batting: LHB Curtis Peters 0-0: Ball
1-0: Ball
2-0: Ball
Wild Pitch!
David Smith scores
Chris Gregory to third
Robert O'Connor to second
3-0: Base on Balls
Batting: RHB Carlos Padilla 0-0: Called Strike
0-1: Foul Ball, location: 2F
0-2: SINGLE (Groundball, 4D)
Chris Gregory scores
Robert O'Connor to third
Curtis Peters to second
Runner from 3rd tries for Home, SAFE, throw made home
Batting: LHB Manny Valentín 0-0: Reached on error, E3 (Groundball, 34)
Curtis Peters scores
Carlos Padilla to third
Batting: RHB Nathan Clay 0-0: Ball
1-0: Ball
2-0: Swinging Strike
2-1: SINGLE (Groundball, 4D)
Carlos Padilla scores
Manny Valentín to third
Runner from 3rd tries for Home, SAFE, no throw
Batting: LHB David Smith 0-0: Called Strike
0-1: Ball
1-1: Fly out, F8 (Flyball, 78M)
Bottom of the 3rd over - 6 run(s), 3 hit(s), 1 error(s), 1 left on base; Rocky Mountain 3 - Thunder Bay 6
TOP OF THE 4TH
Rocky Mountain Nuggets batting - Pitching for Thunder Bay Northern Lions BC : RHP Júlio Palma
Batting: LHB José Martínez 0-0: Ball
1-0: Foul Ball, location: 2F
1-1: Swinging Strike
1-2: DOUBLE (Groundball, 5L)
Batting: RHB Paul Smith 0-0: Called Strike
0-1: 2-RUN HOME RUN (Flyball, 8LXD), Distance : 443 ft
Batting: RHB Gary Chalmers 0-0: Ball
1-0: Ball
2-0: Ball
3-0: Called Strike
3-1: Base on Balls
Batting: RHB Mark Melton 0-0: Called Strike
0-1: Ball
1-1: Called Strike
1-2: Fly out, F8 (Flyball, 8LM)
Batting: LHB Randy Bowen 0-0: Fly out, F8 (Flyball, 8LS)
Batting: LHB Javier Sánchez 0-0: Ball
1-0: Ball
2-0: Called Strike
2-1: Foul Ball, location: 2F
2-2: Ball
Gary Chalmers steals 2nd base
3-2: Ground out 6-3 (Groundball, 6)
Top of the 4th over - 2 run(s), 2 hit(s), 0 error(s), 1 left on base; Rocky Mountain 5 - Thunder Bay 6
BOTTOM OF THE 4TH
Thunder Bay Northern Lions BC batting - Pitching for Rocky Mountain Nuggets : RHP Reynaldo Ortíz
Batting: LHB John Brewer 0-0: Ball
1-0: Called Strike
1-1: Ball
2-1: Foul Ball, location: 2F
2-2: SINGLE (Groundball, 6MD)
Batting: SHB Carlos Rodríguez 0-0: Ball
1-0: Ball
2-0: Ball
3-0: SINGLE (Line Drive, 3D)
John Brewer to second
Batting: LHB Chris Gregory 0-0: Ball
1-0: Ball
2-0: Swinging Strike
2-1: Ball
3-1: Base on Balls
John Brewer to third
Carlos Rodríguez to second
Batting: RHB Robert O'Connor 0-0: Ball
1-0: Swinging Strike
1-1: Swinging Strike
1-2: Strikes out swinging
Batting: LHB Curtis Peters 0-0: SINGLE (Groundball, 34D)
John Brewer scores
Carlos Rodríguez to third
Chris Gregory to second
Runner from 3rd tries for Home, SAFE, throw made home
Chris Gregory to third
Curtis Peters to second
Pitching: LHP Kaluka Wene
Batting: RHB Carlos Padilla 0-0: Fly out, F9 (Flyball, 9)
Runner from 3rd tags up, SCORES, no throw
Batting: LHB Manny Valentín 0-0: Ball
1-0: Ground out 6-3 (Groundball, 6)
Bottom of the 4th over - 3 run(s), 3 hit(s), 0 error(s), 1 left on base; Rocky Mountain 5 - Thunder Bay 9
TOP OF THE 5TH
Rocky Mountain Nuggets batting - Pitching for Thunder Bay Northern Lions BC : RHP Júlio Palma
Batting: RHB Andrés Rodríguez 0-0: Ball
1-0: Ground out 5-3 (Groundball, 5)
Batting: LHB Juan Ríos 0-0: Foul Ball, location: 2F
0-1: Ball
1-1: Ball
2-1: SINGLE (Line Drive, 3D)
Batting: RHB Javier Martínez 0-0: Ball
1-0: Ball
2-0: Ball
3-0: Base on Balls
Juan Ríos to second
Batting: LHB José Martínez 0-0: Ball
1-0: Called Strike
1-1: Ball
2-1: Foul Ball, location: 2F
2-2: Foul Ball, location: 2F
2-2: Grounds into double play, 6-4-3 (Groundball, 6)
Top of the 5th over - 0 run(s), 1 hit(s), 0 error(s), 1 left on base; Rocky Mountain 5 - Thunder Bay 9
BOTTOM OF THE 5TH
Thunder Bay Northern Lions BC batting - Pitching for Rocky Mountain Nuggets : LHP Kaluka Wene
Batting: RHB Nathan Clay 0-0: Foul Ball, location: 2F
0-1: Ball
1-1: Swinging Strike
1-2: Foul Ball, location: 2F
1-2: Ground out U3 (Groundball, 3)
Batting: LHB David Smith 0-0: Ground out U3 (Groundball, 3)
Batting: LHB John Brewer 0-0: Called Strike
0-1: Ground out U3 (Groundball, 3)
Bottom of the 5th over - 0 run(s), 0 hit(s), 0 error(s), 0 left on base; Rocky Mountain 5 - Thunder Bay 9
TOP OF THE 6TH
Rocky Mountain Nuggets batting - Pitching for Thunder Bay Northern Lions BC : RHP Júlio Palma
Batting: RHB Paul Smith 0-0: Foul Ball, location: 2F
0-1: Foul Ball, location: 2F
0-2: Ball
1-2: Ball
2-2: Foul Ball, location: 2F
2-2: Strikes out looking
Batting: RHB Gary Chalmers 0-0: Ball
1-0: Called Strike
1-1: SINGLE (Groundball, 56D)
Batting: RHB Mark Melton 0-0: Ball
1-0: Called Strike
1-1: Ball
2-1: Called Strike
2-2: SINGLE (Groundball, 56D)
Gary Chalmers to second
Batting: LHB Randy Bowen 0-0: Called Strike
0-1: Ball
1-1: Swinging Strike
1-2: Grounds into double play, 4-6-3 (Groundball, 4D)
Top of the 6th over - 0 run(s), 2 hit(s), 0 error(s), 1 left on base; Rocky Mountain 5 - Thunder Bay 9
BOTTOM OF THE 6TH
Thunder Bay Northern Lions BC batting - Pitching for Rocky Mountain Nuggets : LHP Kaluka Wene
Batting: SHB Carlos Rodríguez 0-0: Called Strike
0-1: Ball
1-1: Called Strike
1-2: Ground out U3 (Groundball, 34S)
Batting: LHB Chris Gregory 0-0: Called Strike
0-1: DOUBLE (Flyball, 8LXD)
Batting: RHB Robert O'Connor 0-0: DOUBLE (Line Drive, 89D)
Chris Gregory scores
Batting: LHB Curtis Peters 0-0: Ball
1-0: Ball
2-0: Called Strike
2-1: Ground out U3 (Groundball, 34)
Robert O'Connor to third
Batting: RHB Carlos Padilla 0-0: 2-RUN HOME RUN (Flyball, 8LXD), Distance : 437 ft
Batting: LHB Manny Valentín 0-0: Foul Ball, location: 2F
0-1: Swinging Strike
0-2: Foul Ball, location: 2F
0-2: SINGLE (Groundball, 56) (infield hit)
Batting: RHB Nathan Clay 0-0: Foul Ball, location: 2F
0-1: Swinging Strike
0-2: Strikes out looking
Bottom of the 6th over - 3 run(s), 4 hit(s), 0 error(s), 1 left on base; Rocky Mountain 5 - Thunder Bay 12
TOP OF THE 7TH
Rocky Mountain Nuggets batting - Pitching for Thunder Bay Northern Lions BC : RHP Júlio Palma
Batting: LHB Javier Sánchez 0-0: Swinging Strike
0-1: Ball
1-1: Foul Ball, location: 2F
1-2: Fly out, F9 (Flyball, 9S)
Batting: RHB Andrés Rodríguez 0-0: Fly out, F8 (Flyball, 8RS)
Batting: LHB Juan Ríos 0-0: Ball
1-0: Foul Ball, location: 2F
1-1: Swinging Strike
1-2: Foul Ball, location: 2F
1-2: Ball
2-2: Fly out, F3 (Line Drive, 3L)
Top of the 7th over - 0 run(s), 0 hit(s), 0 error(s), 0 left on base; Rocky Mountain 5 - Thunder Bay 12
BOTTOM OF THE 7TH
Thunder Bay Northern Lions BC batting - Pitching for Rocky Mountain Nuggets : LHP Kaluka Wene
Batting: LHB David Smith 0-0: Ball
1-0: Ball
2-0: Fly out, F7 (Flyball, 7)
Batting: LHB John Brewer 0-0: Ball
1-0: Fly out, F8 (Flyball, 89D)
Batting: SHB Carlos Rodríguez 0-0: Ball
1-0: Foul Ball, location: 2F
1-1: Swinging Strike
1-2: Foul Ball, location: 2F
1-2: DOUBLE (Flyball, 8LXD)
Batting: LHB Chris Gregory 0-0: Ball
1-0: Foul Ball, location: 2F
1-1: DOUBLE (Flyball, 78M)
Carlos Rodríguez scores
Pitching: RHP Juan Carlos Herrera
Batting: RHB Robert O'Connor 0-0: Called Strike
0-1: Ground out 1-3 (Groundball, 15S)
Bottom of the 7th over - 1 run(s), 2 hit(s), 0 error(s), 1 left on base; Rocky Mountain 5 - Thunder Bay 13
TOP OF THE 8TH
Rocky Mountain Nuggets batting - Pitching for Thunder Bay Northern Lions BC : RHP Júlio Palma
Pitching: LHP Jake O'Tomalty
Batting: RHB Javier Martínez 0-0: Called Strike
0-1: Ball
1-1: Ground out 4-3 (Groundball, 4)
Batting: LHB José Martínez 0-0: Swinging Strike
0-1: Ground out 6-3 (Groundball, 6)
Batting: RHB Paul Smith 0-0: Called Strike
0-1: Swinging Strike
0-2: SINGLE (Groundball, 56S) (infield hit)
Batting: RHB Gary Chalmers 0-0: Ball
1-0: Ball
2-0: Ball
3-0: Called Strike
3-1: Called Strike
3-2: Base on Balls
Paul Smith to second
Batting: RHB Mark Melton 0-0: Foul Ball, location: 2F
0-1: Ball
1-1: Called Strike
1-2: Foul Ball, location: 2F
1-2: Ball
2-2: Fly out, F7 (Flyball, 7LS)
Top of the 8th over - 0 run(s), 1 hit(s), 0 error(s), 2 left on base; Rocky Mountain 5 - Thunder Bay 13
BOTTOM OF THE 8TH
Thunder Bay Northern Lions BC batting - Pitching for Rocky Mountain Nuggets : RHP Juan Carlos Herrera
Batting: LHB Curtis Peters 0-0: Called Strike
0-1: SINGLE (Groundball, 34D)
Batting: RHB Carlos Padilla 0-0: Foul Ball, location: 2F
0-1: TRIPLE (Flyball, 8RXD)
Curtis Peters scores
Batting: LHB Manny Valentín 0-0: Called Strike
0-1: Ground out 1-3 (Groundball, P)
Batting: RHB Nathan Clay 0-0: Called Strike
0-1: Ground out 5-3 (Groundball, 56S)
Carlos Padilla scores
Batting: LHB David Smith 0-0: Called Strike
0-1: Foul Ball, location: 2F
0-2: Strikes out swinging
Bottom of the 8th over - 2 run(s), 2 hit(s), 0 error(s), 0 left on base; Rocky Mountain 5 - Thunder Bay 15
TOP OF THE 9TH
Rocky Mountain Nuggets batting - Pitching for Thunder Bay Northern Lions BC : LHP Jake O'Tomalty
Batting: LHB Randy Bowen 0-0: Ball
1-0: Ball
2-0: Called Strike
2-1: Called Strike
2-2: Strikes out swinging
Batting: LHB Javier Sánchez 0-0: Ball
1-0: Called Strike
1-1: Ball
2-1: Ball
3-1: Foul Ball, location: 2F
3-2: Foul Ball, location: 2F
3-2: Fly out, F8 (Flyball, 8LD)
Batting: RHB Andrés Rodríguez 0-0: SINGLE (Groundball, 34D)
Pinch Hitting: RHB Juan Ávila 0-0: Foul Ball, location: 2F
0-1: Ball
1-1: Called Strike
1-2: Foul Ball, location: 2F
1-2: Foul Ball, location: 2F
1-2: Ball
2-2: Strikes out looking
Top of the 9th over - 0 run(s), 1 hit(s), 0 error(s), 1 left on base; Rocky Mountain 5 - Thunder Bay 15
Friday, December 30th, 2016 - OOTP Baseball 17.12 Build 75